 Dungeon Crawl Stone Soup version 0.30.1-4-g462c640d31 (webtiles) character file.

Game seed: 5487388280311885057

113 rvierbuc the Stinger (level 4, 0/33 HPs)
             Began as a Demigod Venom Mage on Aug 22, 2023.
             Killed from afar by Sigmund (6 damage)
             ... with a magic dart
             ... on level 3 of the Dungeon.
             The game lasted 00:21:55 (3005 turns).

rvierbuc the Stinger (Demigod Venom Mage)           Turns: 3005, Time: 00:21:56

Health: 0/33       AC:  3    Str:  9    XL:     4   Next: 39%
Magic:  1/10       EV: 12    Int: 21    God:
Gold:   130        SH:  0    Dex: 14    Spells: 2/8 levels left

rFire   . . .        (no weapon)
rCold   . . .        (no shield)
rNeg    . . .        a - +0 robe
rPois   .            n - +0 helmet
rElec   .            (no cloak)
rCorr   .            (no gloves)
SInv    .            (no boots)
Will    .....        (no amulet)
Stlth   +            (no ring)
HPRegen 0.25/turn    (no ring)
MPRegen 0.12/turn

%: no passive effects
@: confused, very slightly contaminated
A: high MP 1, forlorn, divine attributes
a: no special abilities


You were on level 3 of the Dungeon.
You visited 1 branch of the dungeon, and saw 3 of its levels.

You collected 130 gold pieces.

Inventory:

Missiles
 h - 6 silver boomerangs
Armour
 a - a +0 robe (worn)
 n - a +0 helmet (worn)
Jewellery
 l - a ring of resist corrosion
Wands
 o - a wand of polymorph (3)
Scrolls
 c - 4 scrolls of enchant armour {unknown}
 d - a scroll of blinking {unknown}
 e - a scroll of brand weapon {unknown}
 f - 2 scrolls of identify {unknown}
 g - 2 scrolls of enchant weapon {unknown}
 m - a scroll of vulnerability {unknown}
Potions
 b - a potion of magic
 i - a potion of degeneration {unknown}
 j - a potion of berserk rage {unknown}
 k - a potion of curing {unknown}


   Skills:
 + Level 2.1 Dodging
 + Level 1.8 Stealth
 + Level 2.7 Spellcasting
 + Level 0.1 Conjurations
 + Level 1.8 Transmutations
 + Level 0.1 Air Magic
 + Level 3.6 Poison Magic


You had 2 spell levels left.
You knew the following spells:

 Your Spells              Type           Power      Damage    Failure   Level
a - Sting                 Tmut/Pois      56%        1d5       4%          1
b - Poisonous Vapours     Pois/Air       20%        N/A       10%         2
c - Mephitic Cloud        Conj/Pois/Air  8%         N/A       24%         3

Your spell library contained the following spells:

 Spells                   Type           Power      Damage    Failure   Level
 Olgreb's Toxic Radiance  Pois           18%        N/A       30%         4
 Tukima's Dance           Hex            2%         N/A       38%         3
 Animate Armour           Summ/Erth      4%         N/A       80%         4
 Passage of Golubria      Tloc           2%         N/A       80%         4
 Blade Hands              Tmut           5%         N/A       87%         5
 Yara's Violent Unravell  Hex/Tmut       3%         3d4       95%         5
 Iron Shot                Conj/Erth      1%         9d1       100%        6
 Borgnjor's Revivificati  Necr           1%         N/A       100%        8
 Necromutation            Tmut/Necr      3%         N/A       100%        8
 Death's Door             Necr           1%         N/A       100%        9


Dungeon Overview and Level Annotations

Branches:
Dungeon (3/15)

Annotations:
D:3 Sigmund


Innate Abilities, Weirdness & Mutations

You have an increased reservoir of magic. (+10% MP)
You shall have no god before yourself.
Your divine heritage dramatically boosts your attributes as you level up.


Message History

Casting: Poisonous Vapours (safe; 10% risk of failure)
Confirm with . or Enter, or press ? or * to list all spells.
The spell is quite dangerous to miscast (24% risk of failure)!
Continue anyway?
Aiming: Mephitic Cloud (quite dangerous; 24% risk of failure)
Press: ? - help, Shift-Dir - straight line You miscast Mephitic Cloud.
You are very lightly contaminated with residual magic.
Nothing appears to happen.
You hear some strange, mumbled words.
A puff of flame appears from out of thin air!
The puff of flame hits you!
Casting: Mephitic Cloud (quite dangerous; 24% risk of failure)
Confirm with . or Enter, or press ? or * to list all spells.
The spell is quite dangerous to miscast (24% risk of failure)!
Continue anyway?
Aiming: Mephitic Cloud (quite dangerous; 24% risk of failure)
Press: ? - help, Shift-Dir - straight line You miscast Mephitic Cloud.
Nothing appears to happen.
Something hits you.
Casting: Mephitic Cloud (quite dangerous; 24% risk of failure)
Confirm with . or Enter, or press ? or * to list all spells.
Aiming: Poisonous Vapours (safe; 10% risk of failure)
Press: ? - help, Dir - move target Poisonous vapours surround something!
Something hits you!
* * * LOW HITPOINT WARNING * * *
The orc throws a stone.
The stone misses you.
Casting: Poisonous Vapours (safe; 10% risk of failure)
Confirm with . or Enter, or press ? or * to list all spells.
Aiming: Poisonous Vapours (safe; 10% risk of failure)
Press: ? - help, Dir - move target, f - orc
Aim: an orc, wielding a +1 short sword of protection and quivering stones Poisonous vapours surround the orc!
The orc is poisoned.
Casting: Poisonous Vapours (safe; 10% risk of failure)
Confirm with . or Enter, or press ? or * to list all spells.
You don't have enough magic to cast this spell.
You hear some strange, mumbled words.
Something tries to affect you, but you resist.
You kill the orc!
You are confused.
A magic dart appears from out of thin air!
The magic dart hits you.
You die...

##.......................######.
#.......##.........###### ###.
#..........).....#.#########...
#o.####.##.................#...
#............##.##.#####.......
#..####.####.##................
#.......# #..######...###.##..
##.##########..#.....#####.##..
#....[).{....@>........##.#...
################.#####.##.#...
#.# #.##.#.#. #.# #........ #.#
#..###.## #.# #..# #.# #.# #..#
#.# #.# #..# #.# #.#####..# #.#


There were no monsters in sight!

Vanquished Creatures
  Ijyb (D:3)
  Robin (D:2)
  An orc (D:3)
  2 bats
  5 endoplasms
  4 giant cockroaches
  17 goblins
  7 hobgoblins
  7 jackals (D:1)
  6 kobolds
  3 quokkas
  4 ball pythons
  4 frilled lizards
  6 rats
68 creatures vanquished.

Notes
Turn   | Place    | Note
-------+----------+-------------------------------------------
     0 | D:1      | rvierbuc the Demigod Venom Mage began the quest for the
                  | Orb.
     0 | D:1      | Reached XP level 1. HP: 14/14 MP: 5/5
    98 | D:1      | Reached skill level 1 in Transmutations
   440 | D:1      | Reached XP level 2. HP: 20/20 MP: 4/7
   553 | D:1      | Reached skill level 3 in Poison Magic
   606 | D:1      | Learned a level 2 spell: Poisonous Vapours
  1526 | D:2      | Reached XP level 3. HP: 26/26 MP: 7/9
  2188 | D:3      | Noticed Ijyb
  2229 | D:3      | Killed Ijyb
  2283 | D:3      | Reached XP level 4. HP: 28/33 MP: 3/10
  2294 | D:3      | Noticed Robin
  2415 | D:2      | Killed Robin
  2503 | D:3      | Noticed Sigmund
  2609 | D:3      | Learned a level 3 spell: Mephitic Cloud
  3005 | D:3      | Killed from afar by Sigmund

Illustrated notes

Levels and vault maps discovered:
D:1:      dpeg_arrival_concentric_ovals, layout_basic, minmay_vboxes
D:2:      layout_loops_cross
D:3:      kennysheep_the_goblin_king, layout_basic, uniq_robin, uniq_sigmund

Skill      XL: |  1  2 |
---------------+-------+-----
Transmutations | 1 |  1.8
Spellcasting   | 2 |  2.7
Poison Magic   | 3 |  3.6
Dodging        | 2 |  2.1
Stealth        | |  1.8
Conjurations   | |  0.1
Air Magic      | |  0.1

Action                     |  1- 3 |  4- 6 || total
---------------------------+-------+-------++-------
  Melee: Unarmed           |    41 |       ||    41
   Cast: Sting             |    84 |    24 ||   108
         Poisonous Vapours |     5 |     6 ||    11
         Mephitic Cloud    |       |     1 ||     1
    Use: Potion            |     1 |       ||     1
   Stab: Sleeping          |     1 |       ||     1
 Armour: Robe              |    25 |     7 ||    32
  Dodge: Dodged            |    90 |    25 ||   115
